 Dungeon Crawl Stone Soup version 0.28-a0-1555-g9ae15a6949 (webtiles) character file.

Game seed: 4689524392016401772

45 mordus the Shield-Bearer (level 3, -8/29 HPs)
             Began as a Formicid Fighter on Jan 18, 2022.
             Mangled by Sigmund (10 damage)
             ... on level 2 of the Dungeon.
             The game lasted 00:01:44 (1632 turns).

mordus the Shield-Bearer (Formicid Fighter)         Turns: 1632, Time: 00:01:46

Health: -8/29      AC:  7    Str: 22    XL:     3   Next: 90%
Magic:  3/3        EV:  9    Int:  7    God:
Gold:   92         SH:  0    Dex: 10    Spells: 2/2 levels left

rFire   . . .      SeeInvis +   a - +0 long sword
rCold   . . .      Faith    .   c - +0 buckler
rNeg    . . .      Spirit   .   b - +0 scale mail
rPois   .          Reflect  .   (helmet unavailable)
rElec   .          Harm     .   (no cloak)
rCorr   .          Rampage  .   (no gloves)
Will    .....                   (no boots)
Stlth   ..........              (no amulet)
HPRegen 0.09/turn               (no ring)
MPRegen 0.08/turn               (no ring)

@: confused, lethally poisoned (-8 -> -18)
A: permanent stasis, dig shafts and tunnels, antennae 3, four strong arms
a: Dig, Shaft Self


You were on level 2 of the Dungeon.
You visited 1 branch of the dungeon, and saw 2 of its levels.

You collected 92 gold pieces.

Inventory:

Hand Weapons
 a - a +0 long sword (weapon)
Armour
 b - a +0 scale mail (worn)
 c - a +0 buckler (worn)
Scrolls
 e - a scroll of teleportation {unknown}
 f - a scroll of identify {unknown}
 j - a scroll of holy word {unknown}
Potions
 d - a potion of might
 g - a potion of flight {unknown}
 h - a potion of berserk rage {unknown}
 i - a potion of curing {unknown}


   Skills:
 - Level 3.2 Fighting
 * Level 3.1 Long Blades
 + Level 3.8 Armour
 + Level 4.1 Shields


You had 2 spell levels left.
You didn't know any spells.
Your spell library contained the following spells:

 Spells                   Type           Power      Damage    Failure   Level
 Animate Skeleton         Necr           0%         N/A       82%         1
 Apportation              Tloc           0%         N/A       82%         1
 Slow                     Hex            0%         N/A       82%         1
 Summon Small Mammal      Summ           0%         N/A       82%         1
 Confusing Touch          Hex            0%         N/A       99%         3
 Vampiric Draining        Necr           0%         2d6       99%         3


Dungeon Overview and Level Annotations

Branches:
Dungeon (2/15)

Altars:
Makhleb

Annotations:
D:2 Sigmund


Innate Abilities, Weirdness & Mutations

You cannot be hasted, slowed, berserked, paralysed or teleported.
You can dig through walls and to a lower floor.
You have a pair of large antennae on your head. (SInv)
Your four strong arms can wield two-handed weapons with a shield.


Message History

The jackal bites you. The jackal closely misses you.
The jackal bites you but does no damage.
There are monsters nearby!
You slash the jackal!
You kill the jackal!
The jackal closely misses you. Sigmund barely misses you.
The jackal closely misses you.
You hit the jackal.
The jackal is lightly wounded.
The jackal closely misses you. Sigmund gestures at you while chanting.
The magic dart hits you!
The jackal bites you but does no damage.
You hit the jackal.
You kill the jackal!
Sigmund gestures at you while chanting. You resist with some effort.
The dart slug launches a dart at you. The slug dart hits you.
Sigmund casts a spell at you.
You are confused.
Sigmund points at you and mumbles some strange words.
You are more confused.
Sigmund barely misses you. The dart slug launches a dart at you.
The slug dart hits you but does no damage.
Found a stone staircase leading down.
Sigmund casts a spell.
Sigmund flickers and vanishes for a moment.
Sigmund hits you from afar with a +2 scythe of venom!
* * * LOW HITPOINT WARNING * * *
You are lethally poisoned!
You slash the dart slug!
The dart slug is almost dead.
* * * LOW HITPOINT WARNING * * *
You feel very sick.
The dart slug bites you but does no damage.
Sigmund screams, "Only death can liberate you!"
Sigmund hits you from afar with a +2 scythe of venom!
You die...

###.### #.####.#
....# #.##...#
....###
#.##.#####.......
##.##.....+.......
#.....#####....... #
#.................
#.#.................
#=..@w..........#
#.....@......†..#
#.........!.....+
#....###........#
###..# #..........#
#..# #........#.#
#..# #........#.#
..># #...........
##### ###########


You could see Sigmund (invisible) and a dart slug.

Vanquished Creatures
  An adder (D:2)
  2 dart slugs (D:1)
  2 bats (D:1)
  7 endoplasms (D:1)
  3 hobgoblins (D:1)
  3 jackals (D:2)
  3 quokkas (D:1)
  A ball python (D:1)
  2 frilled lizards (D:1)
  2 kobolds (D:1)
  2 rats (D:1)
28 creatures vanquished.

Notes
Turn   | Place    | Note
-------+----------+-------------------------------------------
     0 | D:1      | mordus the Formicid Fighter began the quest for the Orb.
     0 | D:1      | Reached XP level 1. HP: 18/18 MP: 1/1
   232 | D:1      | Reached XP level 2. HP: 8/24 MP: 2/2
  1013 | D:1      | Reached XP level 3. HP: 29/29 MP: 3/3
  1056 | D:1      | Reached skill level 4 in Shields
  1200 | D:1      | Found a faded altar of an unknown god.
  1405 | D:2      | Found a burning altar of Makhleb.
  1611 | D:2      | Noticed Sigmund
  1632 | D:2      | Mangled by Sigmund

Illustrated notes

Levels and vault maps discovered:
D:1:      dpeg_arrival_shelter, layout_loops_corners,
          ebering_ecumenical_altar_petrified
D:2:      layout_basic, basic_altar, kennysheep_big_empty_room, uniq_sigmund

Skill      XL: |  1  2  3 |
---------------+----------+-----
Shields        | 4 |  4.1
Long Blades    | 3 |  3.1
Fighting       | |  3.2
Armour         | |  3.8

Action                   || total
-------------------------++-------
Melee: Long sword        ||    98
Armor: Scale mail        ||    51
Dodge: Dodged            ||    45
Block: Buckler           ||    23

Table legend: (Time is in decaauts)
 A = Elapsed time spent in this place.
 B = Non-inter-level travel time spent in this place.
 C = Inter-level travel time spent in this place.
 D = Time resting spent in this place.
 E = Time spent auto-exploring this place.
 F = Levels seen in this place.
 G = Mean time per level.
                   A        B        C        D        E       F      G
               +--------+--------+--------+--------+--------+-----+--------+
         Total |   1661 |   1634 |     27 |    192 |   1199 |   2 |  830.5 |
       Dungeon |   1661 |   1634 |     27 |    192 |   1199 |   2 |  830.5 |
               +--------+--------+--------+--------+--------+-----+--------+

Top non-repeatable levels by time:
     D:1: 1428 daAuts
     D:2: 233 daAuts
